 Dungeon Crawl Stone Soup version 0.21.1-1-g345015f (webtiles) character file.

1641 Flooderbenga the Grave Robber (level 8, -1/60 HPs)
             Began as a Gnoll Necromancer on Apr 26, 2018.
             Was an Initiate of Ru.
             Slain by a killer bee (5 damage)
             ... on level 7 of the Dungeon.
             The game lasted 00:50:30 (2040 turns).

Flooderbenga the Grave Robber (Gnoll Necromancer)   Turns: 2040, Time: 00:50:30

Health: -1/60      AC:  4    Str: 10    XL:     8   Next: 99%
Magic:  1/17       EV: 16    Int: 26    God:    Ru [......]
Gold:   106        SH:  8    Dex: 16    Spells: 5/19 levels left

rFire    + . .     SeeInvis .   g - +0 dagger
rCold    . . .     Gourm    .   f - +3 buckler "Hystrani" {Regen+ Int+6}
rNeg     . . .     Faith    .   D - +0 robe (curse)
rPois    .         Spirit   .   n - +0 helmet
rElec    .         Reflect  .   x - +0 cloak
rCorr    +         Harm     .   (no gloves)
MR       .....                  (no boots)
Stlth    +++.......             (no amulet)
HPRegen  0.60/turn              j - ring of resist corrosion
MPRegen  0.15/turn              B - ring of protection from fire

@: lethally poisoned (-1 -> -1)
A: distributed training, fangs 1, strong nose
a: Sacrifice Stealth, Sacrifice an Eye, Sacrifice Courage, Reject Sacrifices,
Renounce Religion


You were on level 7 of the Dungeon.
You worshipped Ru.
Ru was noncommittal.
You were not hungry.

You visited 2 branches of the dungeon, and saw 10 of its levels.

You collected 106 gold pieces.

Inventory:

Hand Weapons
 d - a +0 hunting sling
 g - a +0 dagger (weapon)
 w - a +4 quarterstaff of chaos
 z - a +0 blowgun
Missiles
 e - 11 stones (quivered)
 A - 6 silver javelins
Armour
 f - the +3 buckler "Hystrani" (worn) {Regen+ Int+6}
   (You found it on level 4 of the Dungeon)

   It affects your intelligence (+6).
   It increases your rate of regeneration.
 n - a +0 helmet (worn)
 o - a cursed +0 ring mail
 x - a +0 cloak (worn)
 D - a cursed +0 robe (worn)
Jewellery
 j - a ring of resist corrosion (left hand)
 B - a ring of protection from fire (right hand)
Wands
 k - a wand of disintegration (11)
 l - a wand of digging (32) {@v4}
 v - a wand of iceblast (6)
 y - a wand of flame (33)
Scrolls
 h - a scroll of teleportation {@r3}
 i - a scroll of immolation
 q - a scroll of blinking {@r4}
 r - 2 scrolls of identify {@r1}
 s - a scroll of remove curse {@r2}
 u - 2 scrolls of enchant weapon
Potions
 a - a potion of agility {unknown}
 m - 3 potions of lignification
 p - a potion of magic
 t - 2 potions of heal wounds {@q2}
 C - a potion of haste {unknown}
 F - 2 potions of mutation {unknown}
Books
 b - a book of Necromancy

   Spells                             Type                      Level
   a - Pain                           Necromancy                   1
   b - Animate Skeleton               Necromancy                   1
   c - Vampiric Draining              Necromancy                   3
   d - Regeneration                   Charms/Necromancy            3
   e - Animate Dead                   Necromancy                   4
   f - Borgnjor's Vile Clutch         Necromancy/Earth             5
Comestibles
 c - 9 rations


   Skills:
 + Level 3.6 Fighting
 + Level 3.6 Short Blades
 + Level 3.6 Long Blades
 + Level 3.6 Axes
 + Level 3.6 Maces & Flails
 + Level 3.6 Polearms
 + Level 3.6 Staves
 + Level 3.6 Slings
 + Level 3.6 Bows
 + Level 3.6 Crossbows
 + Level 3.6 Throwing
 + Level 3.6 Armour
 + Level 5.9 Dodging
 + Level 5.6 Stealth
 + Level 3.6 Shields
 + Level 3.6 Unarmed Combat
 + Level 6.2 Spellcasting
 + Level 3.0 Conjurations
 + Level 3.0 Hexes
 + Level 3.0 Charms
 + Level 3.0 Summonings
 + Level 7.8 Necromancy
 + Level 3.0 Translocations
 + Level 3.0 Transmutations
 + Level 3.0 Fire Magic
 + Level 3.0 Ice Magic
 + Level 3.0 Air Magic
 + Level 3.0 Earth Magic
 + Level 3.0 Poison Magic
 + Level 4.0 Invocations
 + Level 3.6 Evocations


You had 5 spell levels left.
You knew the following spells:

 Your Spells              Type           Power        Failure   Level  Hunger
a - Pain                  Necr           ####         1%          1    None
b - Animate Dead          Necr           N/A          2%          4    ###....
c - Borgnjor's Vile Clut  Necr/Erth      #####.....   21%         5    #####..
r - Regeneration          Chrm/Necr      #####.....   2%          3    None
z - Animate Skeleton      Necr           N/A          1%          1    None


Dungeon Overview and Level Annotations

Branches:
Dungeon (9/15)             Temple (1/1) D:5
   Lair: D:8-11         Orc: D:9-12

Altars:
Ashenzari
Dithmenos
Elyvilon
Fedhas
Gozag
Kikubaaqudgha
Makhleb
Nemelex Xobeh
Okawaru
Qazlal
Ru
Sif Muna
Trog
Uskayaw
Wu Jian
Xom
Yredelemnul
Zin
The Shining One

Shops:
D:7 (=

Portals:
Sewer: D:5

Annotations:
D:8 inc's ghost, novice OpFi
D:9 microfolk's ghost, novice DDFi


Innate Abilities, Weirdness & Mutations

Your experience applies equally to all skills.
You have very sharp teeth.
Your uncanny sense of smell can sniff out nearby items.


Message History

There is something else lying underneath.
The floor.
Unknown command.
Aim: a killer bee
Okay, then.
Unknown command.
You feel sick. The killer bee stings you.
* * * LOW HITPOINT WARNING * * *
You take 6 damage, and have 4/59 hp.
Okay, then.
The killer bee closely misses you.
Aim: a killer bee (chance to defeat MR: 85%)
The killer bee is blasted.
You hear an angry buzzing noise.
The killer bee barely misses you. You block the killer bee's attack.
You block the orc priest skeleton's attack.
The killer bee is blasted.
You blow up the killer bee!
You feel sick. The killer bee stings you.
You die...

#.. #...Z...%.# #.#
#..)%####Z# # #.# #....# #.# #
#.#.##### #....# #.# ♣
#.#.....# #....# #Z# #
##.#####.# #....# #.# #
#......#.# #....# #.# #
#......#.###############.#
#####.#....#.##.@.....%......#
......#.HZ.#.##Zy............#
#.#.#.###..#.##..............#
......# ##%#(†))##############
#.#.#.####.#.#### #....#
........yy...# #....#
#.#.#y####..##### #....#
.........y.[....# #....#
###..........#..# #....#


You could see a killer bee and an orc priest skeleton.

Vanquished Creatures
  A hippogriff (D:7)
  Sigmund (D:4)
  A water moccasin (D:8)
  An ice beast (D:8)
  A centaur (D:6)
  A bullfrog (D:6)
  2 scorpions
  A wyvern skeleton (D:7)
  4 killer bees (D:7)
  A crimson imp (D:6)
  A bullfrog skeleton (D:5)
  A centaur skeleton (D:8)
  An orc priest (D:7)
  6 orc wizards
  A worker ant (D:4)
  4 adders
  2 gnolls (D:7)
  2 shadow imps
  An adder zombie (D:5)
  An adder skeleton (D:4)
  A worm (D:2)
  3 dart slugs
  5 leopard geckos
  10 orcs
  A ball python (D:2)
  6 bats
  4 giant cockroaches
  3 goblins
  4 hobgoblins
  2 quokkas
  5 frilled lizards
  3 kobolds
  3 rats (D:2)
84 creatures vanquished.

Vanquished Creatures (collateral kills)
  A water moccasin (D:6)
  An orc warrior (D:6)
  Crazy Yiuf (D:6)
  An adder skeleton (D:6)
  A frilled lizard (D:3)
5 creatures vanquished.

Grand Total: 89 creatures vanquished

Notes
Turn   | Place    | Note
-------+----------+-------------------------------------------
     0 | D:1      | Flooderbenga the Gnoll Necromancer began the quest for the Orb.
     0 | D:1      | Reached XP level 1. HP: 13/13 MP: 6/6
    95 | D:1      | Reached XP level 2. HP: 11/19 MP: 1/7
   109 | D:1      | You fall through a shaft!
   126 | D:2      | Learned a level 1 spell: Animate Skeleton
   285 | D:2      | Reached XP level 3. HP: 7/25 MP: 5/9
   297 | D:2      | Learned a level 3 spell: Regeneration
   377 | D:2      | Reached skill level 5 in Spellcasting
   410 | D:2      | Reached skill level 1 in Invocations
   472 | D:3      | Found a faded altar of an unknown god.
   519 | D:3      | Reached skill level 1 in Fighting
   519 | D:3      | Reached skill level 1 in Short Blades
   519 | D:3      | Reached skill level 1 in Long Blades
   519 | D:3      | Reached skill level 1 in Axes
   519 | D:3      | Reached skill level 1 in Maces & Flails
   519 | D:3      | Reached skill level 1 in Polearms
   519 | D:3      | Reached skill level 1 in Staves
   519 | D:3      | Reached skill level 1 in Slings
   519 | D:3      | Reached skill level 1 in Bows
   519 | D:3      | Reached skill level 1 in Crossbows
   519 | D:3      | Reached skill level 1 in Throwing
   519 | D:3      | Reached skill level 1 in Armour
   519 | D:3      | Reached skill level 1 in Shields
   519 | D:3      | Reached skill level 1 in Unarmed Combat
   519 | D:3      | Reached skill level 1 in Evocations
   519 | D:3      | Reached XP level 4. HP: 16/32 MP: 3/11
   525 | D:3      | Learned a level 4 spell: Animate Dead
   606 | D:4      | Reached skill level 1 in Conjurations
   606 | D:4      | Reached skill level 1 in Hexes
   606 | D:4      | Reached skill level 1 in Charms
   606 | D:4      | Reached skill level 1 in Summonings
   606 | D:4      | Reached skill level 1 in Translocations
   606 | D:4      | Reached skill level 1 in Transmutations
   606 | D:4      | Reached skill level 1 in Fire Magic
   606 | D:4      | Reached skill level 1 in Ice Magic
   606 | D:4      | Reached skill level 1 in Air Magic
   606 | D:4      | Reached skill level 1 in Earth Magic
   606 | D:4      | Reached skill level 1 in Poison Magic
   609 | D:4      | Reached XP level 5. HP: 5/37 MP: 12/12
   634 | D:4      | Learned a level 5 spell: Borgnjor's Vile Clutch
   670 | D:4      | Got an encrusted buckler
   676 | D:4      | Identified the +3 buckler "Hystrani" {Regen+ Int+6} (You found it on level 4 of the Dungeon)
   802 | D:4      | Noticed Sigmund
   806 | D:4      | Killed Sigmund
   806 | D:4      | Reached skill level 5 in Dodging
   806 | D:4      | Reached XP level 6. HP: 44/44 MP: 12/14
   832 | D:5      | Entered Level 5 of the Dungeon
   854 | D:5      | Found a sparkling altar of Nemelex Xobeh.
   933 | D:6      | Reached XP level 7. HP: 41/50 MP: 13/15
  1053 | D:5      | Found a glowing drain.
  1093 | D:5      | Found a staircase to the Ecumenical Temple.
  1100 | Temple   | Entered the Ecumenical Temple
  1217 | D:5      | Found a sacrificial altar of Ru.
  1310 | D:6      | Reached skill level 5 in Stealth
  1347 | D:6      | Reached XP level 8. HP: 44/57 MP: 0/16
  1411 | D:6      | Found a runed door.
  1415 | D:6      | Noticed Crazy Yiuf
  1419 | D:6      | Killed Crazy Yiuf
  1529 | D:7      | Found Lim Ibby's Weapon Emporium.
  1548 | D:7      | Found Ossuyb's Jewellery Shoppe.
  1612 | D:7      | Noticed a hippogriff
  1744 | D:7      | Killed a hippogriff
  1801 | D:9      | Noticed microfolk's ghost (novice DDFi)
  1852 | D:8      | Found a faded altar of an unknown god.
  1852 | D:8      | Found a white marble altar of Elyvilon.
  1857 | D:8      | Found a faded altar of an unknown god.
  1859 | D:8      | Found an opulent altar of Gozag.
  1860 | D:8      | Found a glowing golden altar of the Shining One.
  1866 | D:8      | Became a worshipper of Sif Muna the Loreminder
  1866 | D:8      | Reached * piety under Sif Muna
  1874 | D:8      | Fell from the grace of Sif Muna
  1874 | D:8      | Became a worshipper of Ru the Awakened
  1894 | D:8      | Noticed inc's ghost (novice OpFi)
  2040 | D:7      | Slain by a killer bee

Skill      XL: |  1  2  3  4  5  6  7  8 |
---------------+-------------------------+-----
Spellcasting   | 5 6 |  6.2
Invocations    | 1 2 3 4 |  4.0
Fighting       | 1 2 3 |  3.6
Short Blades   | 1 2 3 |  3.6
Long Blades    | 1 2 3 |  3.6
Axes           | 1 2 3 |  3.6
Maces & Flails | 1 2 3 |  3.6
Polearms       | 1 2 3 |  3.6
Staves         | 1 2 3 |  3.6
Slings         | 1 2 3 |  3.6
Bows           | 1 2 3 |  3.6
Crossbows      | 1 2 3 |  3.6
Throwing       | 1 2 3 |  3.6
Armour         | 1 2 3 |  3.6
Shields        | 1 2 3 |  3.6
Unarmed Combat | 1 2 3 |  3.6
Evocations     | 1 2 3 |  3.6
Conjurations   | 1 2 3 |  3.0
Hexes          | 1 2 3 |  3.0
Charms         | 1 2 3 |  3.0
Summonings     | 1 2 3 |  3.0
Translocations | 1 2 3 |  3.0
Transmutations | 1 2 3 |  3.0
Fire Magic     | 1 2 3 |  3.0
Ice Magic      | 1 2 3 |  3.0
Air Magic      | 1 2 3 |  3.0
Earth Magic    | 1 2 3 |  3.0
Poison Magic   | 1 2 3 |  3.0
Dodging        | 5 |  5.9
Stealth        | 5 |  5.6
Necromancy     | |  7.8

Action                   |  1- 3 |  4- 6 |  7- 9 || total
-------------------------+-------+-------+-------++-------
Melee: Dagger            |     4 |    26 |   122 ||   152
       Bite              |       |       |    16 ||    16
 Fire: Hunting sling     |     1 |       |    12 ||    13
 Cast: Pain              |    44 |    13 |    69 ||   126
       Animate Skeleton  |     3 |       |    11 ||    14
       Regeneration      |     1 |     2 |     1 ||     4
       Animate Dead      |       |     1 |       ||     1
       Borgnjor's Vile C |       |       |     8 ||     8
Evoke: Wand              |       |     2 |     8 ||    10
  Use: Potion            |       |     2 |       ||     2
       Scroll            |       |     4 |     7 ||    11
 Stab: Sleeping          |     4 |     3 |       ||     7
       Distracted        |       |       |     1 ||     1
  Eat: Chunk             |       |       |     7 ||     7
Armor: Robe              |     6 |       |    14 ||    20
       Skin              |       |    34 |       ||    34
Dodge: Dodged            |    28 |     8 |    79 ||   115
Block: Buckler           |       |       |    54 ||    54
